 Dungeon Crawl Stone Soup version 0.23.0-28-g6fe0f4d (webtiles) character file.

Game seed: 0

7632 Fang the Fighter (level 11, -1/72 HPs)
             Began as a Gargoyle Berserker on Feb 25, 2019.
             Was a High Priest of Trog.
             Engulfed by an ice statue's freezing vapour (8 damage)
             ... on level 10 of the Dungeon.
             The game lasted 00:12:34 (8229 turns).

Fang the Fighter (Gargoyle Berserker)               Turns: 8229, Time: 00:12:34

Health: -1/72      AC: 26    Str: 25    XL:     11   Next: 18%
Magic:  11/11      EV: 10    Int:  7    God:    Trog [*****.]
Gold:   603        SH:  0    Dex:  9    Spells: 10/10 levels left

rFire    . . .     SeeInvis .   D - +2 war axe (elec)
rCold    . . .     Gourm    .   (no shield)
rNeg     + + .     Faith    .   z - +4 plate armour
rPois    ∞         Spirit   .   (no helmet)
rElec    +         Reflect  .   (no cloak)
rCorr    .         Harm     .   (no gloves)
MR       .....                  (no boots)
Stlth    ..........             A - amulet of rage
HPRegen  0.22/turn              (no ring)
MPRegen  0.12/turn              p - ring of positive energy

@: no status effects
A: negative energy resistance 1, electricity resistance, unbreathing,
petrification resistance, rot immunity, AC +8
a: Berserk, Trog's Hand, Brothers in Arms, Renounce Religion, Evoke Berserk Rage


You were on level 10 of the Dungeon.
You worshipped Trog.
Trog was extremely pleased with you.
You were not hungry.

You visited 1 branch of the dungeon, and saw 10 of its levels.

You collected 603 gold pieces.

Inventory:

Hand Weapons
 D - a +2 war axe of electrocution (weapon)
 J - a +1 war axe
Armour
 z - a +4 plate armour (worn)
Jewellery
 p - a ring of positive energy (right hand)
 u - an uncursed amulet of magic regeneration
 A - an amulet of rage (around neck)
Wands
 w - a wand of digging (3)
 y - a wand of iceblast (11)
 C - a wand of polymorph (7)
Scrolls
 b - a scroll of blinking
 i - 3 scrolls of teleportation
 l - a scroll of enchant weapon
 q - 4 scrolls of remove curse
Potions
 a - a potion of ambrosia
 e - 3 potions of lignification
 j - 3 potions of heal wounds
 o - 4 potions of cancellation
 v - 2 potions of curing
 F - a potion of might
 G - a potion of flight
 I - a potion of agility
Comestibles
 c - 25 rations
 d - 8 chunks of flesh


   Skills:
 + Level 9.9 Fighting
 + Level 8.3 Axes
 + Level 9.6 Armour
 + Level 7.3 Dodging


You had 10 spell levels left.
You didn't know any spells.
Your spell library was empty.

Dungeon Overview and Level Annotations

Branches:
Dungeon (10/15)            Temple (0/1) D:6
   Lair: D:8-11         Orc: D:9-12

Altars:
Ashenzari
Fedhas
Hepliaklqana
Makhleb
Nemelex Xobeh
Okawaru
Ru
Uskayaw
Vehumet
Xom
Yredelemnul

Shops:
D:8 *   D:9 ?=

Annotations:
D:10 exclusion: ice statue


Innate Abilities, Weirdness & Mutations

You are resistant to torment.
Your stone body is resilient. (AC +8)
You are immune to poison.
You resist negative energy. (rN+)
You are resistant to electric shocks. (rElec)
You can survive without breathing.
You are immune to petrification.
You are immune to rotting.


Message History

No target in view!
Really walk into a travel-excluded area?
Why would you want to do that? Why would you want to do that?
Why would you want to do that?
The ice statue gestures.
The ice statue gestures at you. The freezing blast engulfs you!!
You are engulfed in freezing vapours.
The ice statue gestures at you. The freezing blast engulfs you!
* * * LOW HITPOINT WARNING * * *
You are engulfed in freezing vapours.
* * * LOW HITPOINT WARNING * * *
You are engulfed in freezing vapours.
* * * LOW HITPOINT WARNING * * *
The ice statue gestures at you.
The freezing blast engulfs you but does no damage.
You are engulfed in freezing vapours.
You die...

#.#.........................
#.#.............#...........
#.#.............#...........
#...............#####.......
###.........................
#####.###☼###.###......##.
###○☼○§⌠### #......##.
#○§☼☼.# #.([...##. #○°@○.#
#......##. #○○○○.#
#......##. #○☼°○.#
#.<....##.
#○Y☼..#####.........
#°☼○≈≈##............
#°≈8≈≈##............
#≈≈≈≈≈##............
#.....##............
#.^...####..........


You could see an ice statue and an ice beast.

Vanquished Creatures
  Erica (D:9)
  Pikel (D:4)
  2 centaur zombies (D:10)
  Maurice (D:8)
  2 centaur skeletons (D:10)
  A komodo dragon (D:10)
  2 hippogriffs
  A wraith (D:7)
  A hungry ghost (D:9)
  Duvessa (D:5)
  2 ice beasts (D:10)
  2 orc warriors
  3 sky beasts
  A black bear (D:10)
  2 necrophages
  7 centaurs
  4 ogres
  A crocodile (D:9)
  2 big kobolds
  5 bullfrogs
  Dowan (D:5)
  4 scorpions
  5 killer bees (D:9)
  2 crimson imps
  7 jellies
  3 hounds
  3 orc priests
  A bullfrog skeleton (D:6)
  Jessica (D:3)
  2 iguanas
  13 orc wizards
  5 worker ants
  A hound zombie (D:9)
  A worker ant zombie (D:5)
  3 gnolls (D:4)
  15 adders
  3 shadow imps
  An adder zombie (D:7)
  6 oozes
  2 adder skeletons
  2 worms (D:2)
  3 dart slugs
  9 leopard geckos
  42 orcs
  7 giant cockroaches
  3 goblins
  9 hobgoblins
  20 kobolds
  3 quokkas
  A ball python (D:7)
  7 bats
  4 frilled lizards
  A jackal zombie (D:5)
  2 quokka skeletons
  8 rats
242 creatures vanquished.

Vanquished Creatures (others)
  A slave (D:4)
  3 orc wizards (D:4)
  An adder skeleton (D:4)
  2 orcs (D:4)
7 creatures vanquished.

Grand Total: 249 creatures vanquished

Notes
Turn   | Place    | Note
-------+----------+-------------------------------------------
     0 | D:1      | Fang the Gargoyle Berserker began the quest for the Orb.
     0 | D:1      | Reached XP level 1. HP: 14/14 MP: 1/1
    87 | D:1      | Reached XP level 2. HP: 15/19 MP: 2/2
   444 | D:2      | Reached XP level 3. HP: 15/24 MP: 3/3
   455 | D:2      | Reached ** piety under Trog
   493 | D:2      | Reached XP level 4. HP: 28/29 MP: 4/4
   633 | D:2      | Found a blossoming altar of Fedhas.
   811 | D:2      | Found a radiant altar of Vehumet.
   833 | D:2      | Found a hide-covered altar of Uskayaw.
   980 | D:3      | Reached XP level 5. HP: 33/33 MP: 5/5
  1431 | D:3      | Found a faded altar of an unknown god.
  1525 | D:3      | Noticed Jessica
  1535 | D:3      | Killed Jessica
  1546 | D:3      | Found a burning altar of Makhleb.
  1692 | D:4      | Noticed Pikel
  1692 | D:4      | Noticed a slave
  1692 | D:4      | Noticed a slave
  1694 | D:4      | Noticed a slave
  1695 | D:4      | Noticed a slave
  1701 | D:4      | Killed Pikel
  1701 | D:4      | Reached skill level 5 in Fighting
  1701 | D:4      | Reached XP level 6. HP: 40/40 MP: 6/6
  1701 | D:4      | Reached XP level 7. HP: 44/44 MP: 7/7
  1726 | D:4      | Reached *** piety under Trog
  2622 | D:5      | Entered Level 5 of the Dungeon
  2690 | D:5      | Found a hazy altar of Hepliaklqana.
  2728 | D:5      | Identified the Tome of Shifting Lightness
  2741 | D:5      | Noticed Duvessa
  2741 | D:5      | Noticed Dowan
  2755 | D:5      | Killed Duvessa
  2755 | D:5      | Reached skill level 5 in Armour
  2759 | D:5      | Killed Dowan
  2759 | D:5      | Reached XP level 8. HP: 42/51 MP: 8/8
  2990 | D:5      | Reached skill level 5 in Axes
  3244 | D:5      | Found a basalt altar of Yredelemnul.
  3353 | D:5      | Found a shimmering altar of Xom.
  4117 | D:6      | Found a staircase to the Ecumenical Temple.
  4760 | D:7      | Reached XP level 9. HP: 57/57 MP: 9/9
  4805 | D:7      | Found a transporter.
  4809 | D:7      | Found a transporter.
  4849 | D:7      | Reached skill level 5 in Dodging
  4982 | D:7      | Reached **** piety under Trog
  5213 | D:7      | Found a sacrificial altar of Ru.
  5521 | D:7      | Found an iron altar of Okawaru.
  5521 | D:7      | Found a shattered altar of Ashenzari.
  5521 | D:7      | Found a sparkling altar of Nemelex Xobeh.
  5790 | D:8      | Noticed Maurice
  5813 | D:8      | Killed Maurice
  6041 | D:8      | Reached XP level 10. HP: 60/64 MP: 10/10
  6240 | D:8      | Reached ***** piety under Trog
  6496 | D:8      | Found Estrawk's Assorted Antiques.
  6733 | D:9      | Paralysed by fainting for 10 turns
  6799 | D:9      | Found Fazxolisi's Jewellery Boutique.
  6990 | D:9      | Found Muleed's Magic Scroll Emporium.
  7332 | D:9      | Noticed Erica
  7374 | D:10     | Entered Level 10 of the Dungeon
  7380 | D:9      | Killed Erica
  7737 | D:10     | Reached XP level 11. HP: 71/71 MP: 11/11
  7848 | D:10     | Received a gift from Trog
  8229 | D:10     | Engulfed by an ice statue's freezing vapour

Skill      XL: |  1  2  3  4  5  6  7  8  9 10 |
---------------+-------------------------------+-----
Axes           | 3 4 5 6 8 |  8.3
Dodging        | 2 3 4 5 7 |  7.3
Armour         | 3 4 5 6 7 9 |  9.6
Fighting       | 4 5 7 8 9 |  9.9

Action                   |  1- 3 |  4- 6 |  7- 9 | 10-12 || total
-------------------------+-------+-------+-------+-------++-------
Melee: Hand axe          |    69 |   140 |   414 |       ||   623
       War axe           |       |       |    60 |   289 ||   349
Invok: Berserk           |     1 |     2 |     5 |     3 ||    11
  Use: Scroll            |       |       |       |    24 ||    24
 Stab: Paralysed         |       |       |     4 |       ||     4
       Invisible         |       |       |     1 |       ||     1
  Eat: Chunk             |       |     5 |    17 |    13 ||    35
       Ration            |       |       |     1 |     1 ||     2
Armor: Animal skin       |    18 |    61 |    49 |       ||   128
       Plate armour      |       |       |   247 |   250 ||   497
       Chain mail        |       |       |    18 |       ||    18
Dodge: Dodged            |    45 |   131 |   253 |   137 ||   566
